 Dungeon Crawl Stone Soup version 0.18.1-48-g4cf74bf (webtiles) character file.

20095 poirepourri the Thaumaturge (level 12, -3/61 HPs)
             Began as a Gargoyle Earth Elementalist on July 9, 2016.
             Was an Elder of Vehumet.
             Slain by a seven-headed hydra (8 damage)
             ... on level 1 of the Lair of Beasts.
             The game lasted 00:39:14 (16743 turns).

poirepourri the Thaumaturge (GrEE)                 Turns: 16743, Time: 00:39:14

Health: -3/61      AC: 13    Str: 11    XL:     12   Next: 75%
Magic:  13/39      EV: 12    Int: 22    God:    Vehumet [****..]
Gold:   751        SH:  3    Dex: 10    Spells: 6 memorised, 22 levels left

rFire  . . .     SeeInvis .     b - 228 stones
rCold  . . .     Gourm    .     j - +1 robe
rNeg   + . .     Faith    .     x - +0 buckler
rPois  ∞         Spirit   .     (no helmet)
rElec  +         Dismiss  .     (no cloak)
rCorr  .         Reflect  .     E - +0 pair of gloves
SustAt .         Harm     .     e - +0 pair of boots
MR     .....                    (no amulet)
Stlth  ++........               (no ring)
                                r - ring of magical power

@: not resistant to hostile enchantments, unstealthy
A: negative energy resistance 1, electricity resistance, unbreathing,
petrification resistance, rot immunity, AC +8
a: Renounce Religion


You were on level 1 of the Lair of Beasts.
You worshipped Vehumet.
Vehumet was greatly pleased with you.
You were not hungry.

You visited 3 branches of the dungeon, and saw 14 of its levels.

You collected 891 gold pieces.
You spent 140 gold pieces at shops.

Inventory:

Hand Weapons
 a - a +0 mace of protection
 y - a +3 dire flail of freezing
 F - a +3 mace of crushing
Missiles
 b - 228 stones (in hand)
Armour
 e - a +0 pair of boots (worn)
 j - a +1 robe (worn)
 x - a +0 buckler (worn)
 E - a +0 pair of gloves (worn)
Jewellery
 h - an uncursed amulet of harm
 i - an uncursed ring of sustain attributes {unknown}
 n - a cursed ring of protection from magic {unknown}
 p - an uncursed ring of flight {unknown}
 r - a ring of magical power (left hand)
 v - a +3 ring of dexterity {unknown}
 z - an uncursed ring of ice {unknown}
 I - an uncursed ring of magical power
 U - an uncursed amulet of dismissal {unknown}
Wands
 g - a wand of random effects (40/48)
 m - a wand of lightning (11/15)
 G - a wand of disintegration (7/24)
 N - a wand of flame (12/48)
Scrolls
 f - 4 scrolls of magic mapping
 u - 7 scrolls of remove curse
 O - 2 scrolls of amnesia
Potions
 k - a potion of cure mutation
 q - 4 potions of berserk rage
 s - 2 potions of might
 t - a potion of magic {unknown}
 w - a potion of invisibility {unknown}
 B - 2 potions of degeneration
 C - 2 potions of lignification
 H - a potion of ambrosia {unknown}
 K - a potion of flight
 L - 2 potions of curing
 M - a potion of agility
Books
 c - a book of Geomancy

   Spells                             Type                      Level
   a - Sandblast                      Earth                        1
   b - Passwall                       Transmutation/Earth          2
   c - Stone Arrow                    Conjuration/Earth            3
   d - Petrify                        Transmutation/Earth          4
   e - Lee's Rapid Deconstruction     Earth                        5
 A - a book of Envenomations

   Spells                             Type                      Level
   a - Spider Form                    Transmutation/Poison         3
   b - Olgreb's Toxic Radiance        Poison                       4
   c - Alistair's Intoxication        Transmutation/Poison         5
   d - Poisonous Cloud                Conjuration/Poison/Air       6
 D - a book of Maledictions

   Spells                             Type                      Level
   a - Corona                         Hexes                        1
   b - Ensorcelled Hibernation        Hexes/Ice                    2
   c - Confuse                        Hexes                        3
   d - Tukima's Dance                 Hexes                        3
   e - Dazzling Spray                 Conjuration/Hexes            3
 J - a Grand Grimoire

   Spells                             Type                      Level
   a - Monstrous Menagerie            Summoning                    7
   b - Summon Greater Demon           Summoning                    7
   c - Malign Gateway                 Summoning/Translocation      7
   d - Summon Horrible Things         Summoning                    8
 P - an Akashic Record

   Spells                             Type                      Level
   a - Dispersal                      Translocation                6
   b - Malign Gateway                 Summoning/Translocation      7
   c - Disjunction                    Translocation                8
   d - Controlled Blink               Translocation                8
 S - a book of Ice

   Spells                             Type                      Level
   a - Ice Form                       Ice/Transmutation            4
   b - Metabolic Englaciation         Hexes/Ice                    5
   c - Ozocubu's Refrigeration        Ice                          6
   d - Bolt of Cold                   Conjuration/Ice              6
   e - Freezing Cloud                 Conjuration/Ice/Air          6
   f - Simulacrum                     Ice/Necromancy               6
Comestibles
 d - 7 bread rations
 o - 4 fruits
 R - a beef jerky
 T - a meat ration


   Skills:
 + Level 1.3 Fighting
 - Level 0.2 Maces & Flails
 + Level 4.3 Dodging
 - Level 2.1 Stealth
 + Level 0.2 Shields
 * Level 14.3 Spellcasting
 + Level 6.2 Conjurations
 - Level 0.7 Transmutations
 + Level 12.9 Earth Magic


You had 22 spell levels left.
You knew the following spells:

 Your Spells              Type           Power        Failure   Level  Hunger
a - Sandblast             Erth           ######       1%          1    None
b - Passwall              Trmt/Erth      #####.....   1%          2    None
c - Stone Arrow           Conj/Erth      ######       1%          3    None
d - Lee's Rapid Deconstr  Erth           ######....   1%          5    ###....
e - Petrify               Trmt/Erth      #####...     4%          4    None
f - Throw Flame           Conj/Fire      ####..       1%          2    None


Dungeon Overview and Level Annotations

Branches:
Dungeon (12/15)            Temple (1/1) D:7            Lair (1/8) D:10
    Orc (0/2) D:10

Altars:
Ashenzari
Cheibriados
Dithmenos
Elyvilon
Fedhas
Gozag
Kikubaaqudgha
Makhleb
Nemelex Xobeh
Okawaru
Pakellas
Qazlal
Ru
Sif Muna
Trog
Vehumet
Xom
Yredelemnul
Zin
The Shining One

Shops:
D:4 !((   D:5 *   D:6 :   D:11 }   D:12 (


Innate Abilities, Weirdness & Mutations

You are resistant to torment.
Your stone body is resilient (AC +8).
You are immune to poison.
You resist negative energy.
You are resistant to electric shocks.
You can survive without breathing.
You are immune to petrification.
You are immune to rotting.


Message History

The seven-headed hydra easily resists.
The seven-headed hydra bites you but does no damage.
The seven-headed hydra bites you.
* * * LOW HITPOINT WARNING * * *
The seven-headed hydra bites you but does no damage.
You block the seven-headed hydra's attack.
The seven-headed hydra bites you but does no damage.
You block the seven-headed hydra's attack.
The seven-headed hydra bites you but does no damage.
The hippogriff bites you but does no damage.
The hippogriff pecks you but does no damage.
The hippogriff claws you but does no damage.
Casting: Petrify
Confirm with . or Enter, or press ? or * to list all spells.
Which direction?
The seven-headed hydra bites you.
* * * LOW HITPOINT WARNING * * *
You block the seven-headed hydra's attack.
The seven-headed hydra bites you!
You die...

#...l........# .#
#..........## ..#
##...........# #..###
#.#..........##
#...#.####..#..........#
#.†...#..#.#.......[###
##...†.†######.......#.#
#.#..†.## ##...##..##
##.....@## ##..##..P.
#.....DH.## #####....
#.........## #.....
##.........†## #.....
#............# #.....
#............## #.....
#.....†.......# #.....
#........§§...#. #......
........§§.....# #......


You could see a seven-headed hydra and a hippogriff.

Vanquished Creatures
  Snorg (D:11)
  A hydra (D:11)
  Harold (D:11)
  Erica (D:8)
  5 hill giants
  The ghost of Belterius the Destroyer, a novice DEFE (D:8)
  An ugly thing (D:11)
  A cyclops (D:10)
  A manticore (D:8)
  Maurice (D:8)
  Psyche (D:11)
  A gargoyle (D:12)
  A black mamba (Lair:1)
  A komodo dragon (Lair:1)
  A troll (D:10)
  3 two-headed ogres
  A shadow (D:11)
  Eustachio (D:6)
  A basilisk (D:9)
  A wyvern (D:8)
  12 yaks
  3 hungry ghosts
  5 hippogriffs
  A steam dragon (D:11)
  Menkaure (D:6)
  Duvessa (D:4)
  A mottled dragon (D:12)
  Edmund (D:4)
  A water moccasin (Lair:1)
  4 black bears
  A sky beast (D:5)
  3 orc warriors
  9 ice beasts
  An eye of draining (D:9)
  A phantom (D:10)
  A wolf (D:10)
  4 centaurs
  10 ogres
  2 big kobolds
  3 crocodiles
  6 giant frogs
  Dowan (D:4)
  4 scorpions
  2 wyvern skeletons
  6 killer bees (D:10)
  8 howler monkeys
  10 wights
  6 electric eels (D:10)
  5 crimson imps
  4 jellies
  A wasp zombie (D:5)
  A centaur zombie (D:10)
  A quasit (D:9)
  A giant frog zombie (D:7)
  5 orc wizards
  2 giant frog skeletons
  3 orc priests
  2 centaur skeletons
  9 hounds
  2 iguanas
  8 worker ants
  2 killer bee zombies
  A hound skeleton (D:6)
  A mummy (D:6)
  2 worker ant zombies
  11 adders
  3 gnolls (D:8)
  12 river rats
  A shadow imp (D:6)
  2 oozes
  An adder skeleton (D:6)
  An adder zombie (D:5)
  3 worms
  A dart slug (D:4)
  6 giant geckos
  70 orcs
  A ball python (D:2)
  7 giant cockroaches
  9 goblins
  4 hobgoblins
  14 jackals
  A quokka (D:3)
  10 bats
  A giant gecko skeleton (D:4)
  4 giant newts
  14 kobolds
  A quokka zombie (D:6)
  7 rats
368 creatures vanquished.

Vanquished Creatures (others)
  A jackal (D:10)
  A quokka (D:6)
2 creatures vanquished.

Grand Total: 370 creatures vanquished

Notes
Turn   | Place    | Note
--------------------------------------------------------------
     0 | D:1      | poirepourri the Gargoyle Earth Elementalist began the quest for the Orb.
     0 | D:1      | Reached XP level 1. HP: 10/10 MP: 3/3
   274 | D:1      | Reached XP level 2. HP: 15/15 MP: 1/5
   920 | D:1      | Reached XP level 3. HP: 19/19 MP: 5/7
  1150 | D:1      | Learned a level 2 spell: Passwall
  1154 | D:1      | Learned a level 3 spell: Stone Arrow
  1265 | D:2      | Found a shadowy altar of Dithmenos.
  1310 | D:2      | Found an opulent altar of Gozag.
  1439 | D:2      | Reached skill level 3 in Spellcasting
  1533 | D:2      | Reached XP level 4. HP: 21/24 MP: 5/9
  2633 | D:3      | Found a shattered altar of Ashenzari.
  3237 | D:4      | Found a shattered altar of Ashenzari.
  3297 | D:4      | Reached skill level 4 in Spellcasting
  3297 | D:4      | Reached XP level 5. HP: 28/28 MP: 3/11
  3566 | D:4      | Found Dinap's Antique Weapon Emporium.
  3627 | D:4      | Found Caoxzy Waxos's Distillery.
  3632 | D:4      | Bought 2 potions of heal wounds for 140 gold pieces
  3665 | D:4      | Noticed an ogre
  3679 | D:4      | Killed an ogre
  3679 | D:4      | Reached skill level 5 in Earth Magic
  3679 | D:4      | Reached XP level 6. HP: 32/32 MP: 0/13
  3957 | D:4      | Found Cutaoruc's Antique Weapon Boutique.
  3988 | D:4      | Reached skill level 5 in Spellcasting
  3988 | D:4      | Reached skill level 1 in Conjurations
  4302 | D:4      | Noticed Edmund
  4309 | D:4      | Killed Edmund
  4309 | D:4      | Reached XP level 7. HP: 36/36 MP: 15/15
  4623 | D:4      | Noticed Duvessa
  4623 | D:4      | Noticed Dowan
  4631 | D:4      | Killed Duvessa
  4631 | D:4      | Reached skill level 6 in Spellcasting
  4633 | D:4      | Killed Dowan
  5041 | D:5      | Entered Level 5 of the Dungeon
  5048 | D:5      | Learned a level 5 spell: Lee's Rapid Deconstruction
  5146 | D:5      | Reached XP level 8. HP: 38/41 MP: 15/18
  5173 | D:5      | Found Zin's Purification Station.
  5357 | D:5      | Found a glowing silver altar of Zin.
  5383 | D:5      | Reached skill level 7 in Spellcasting
  5935 | D:6      | Found a white marble altar of Elyvilon.
  5935 | D:6      | Found Wiutehae's Book Boutique.
  6053 | D:6      | Noticed Eustachio
  6061 | D:6      | Killed Eustachio
  6064 | D:6      | Reached skill level 8 in Spellcasting
  6156 | D:6      | Learned a level 4 spell: Petrify
  6193 | D:6      | Found a burning altar of Makhleb.
  6201 | D:6      | Noticed Menkaure
  6207 | D:6      | Killed Menkaure
  6426 | D:5      | Reached XP level 9. HP: 17/45 MP: 21/21
  6853 | D:6      | Reached skill level 9 in Spellcasting
  7194 | D:6      | Reached skill level 10 in Spellcasting
  7323 | D:7      | Found an iron altar of Okawaru.
  7853 | D:7      | Found a deep blue altar of Sif Muna.
  8102 | D:7      | Reached XP level 10. HP: 36/50 MP: 24/24
  8136 | D:7      | Found a staircase to the Ecumenical Temple.
  8171 | Temple   | Entered the Ecumenical Temple
  8211 | Temple   | Became a worshipper of Vehumet
  8447 | D:8      | Noticed a hill giant
  8452 | D:8      | Killed a hill giant
  8739 | D:8      | Noticed Erica
  8783 | D:8      | Killed Erica
  8783 | D:8      | Reached skill level 11 in Spellcasting
  8783 | D:8      | Reached skill level 10 in Earth Magic
  8941 | D:8      | Noticed Maurice
  8947 | D:8      | Noticed a manticore
  8951 | D:8      | Killed a manticore
  8960 | D:8      | Killed Maurice
  9531 | D:8      | Noticed Belterius's ghost (novice DEFE)
  9675 | D:8      | Killed Belterius's ghost
 10214 | D:9      | Reached XP level 11. HP: 55/55 MP: 26/26
 10283 | D:9      | Found a basalt altar of Yredelemnul.
 10542 | D:9      | Reached * piety under Vehumet
 10542 | D:9      | Offered knowledge of Freeze by Vehumet.
 10643 | D:9      | Reached skill level 12 in Spellcasting
 11230 | D:10     | Entered Level 10 of the Dungeon
 11717 | D:10     | Noticed a hill giant
 11726 | D:10     | Killed a hill giant
 11880 | D:10     | Offered knowledge of Throw Flame by Vehumet.
 11884 | D:10     | Learned a level 2 spell: Throw Flame
 12056 | D:10     | Reached ** piety under Vehumet
 12190 | D:10     | Noticed a cyclops
 12195 | D:10     | Killed a cyclops
 12347 | D:10     | Found a staircase to the Lair.
 12679 | D:10     | Noticed a hill giant
 12687 | D:10     | Killed a hill giant
 12690 | D:10     | Reached skill level 5 in Conjurations
 13109 | D:10     | Found a staircase to the Orcish Mines.
 13119 | D:10     | Offered knowledge of Conjure Flame by Vehumet.
 13126 | D:10     | Reached *** piety under Vehumet
 13432 | D:10     | Reached skill level 13 in Spellcasting
 13659 | D:11     | Noticed Psyche
 13675 | D:11     | Killed Psyche
 13824 | D:11     | Noticed a five-headed hydra
 13867 | D:11     | Noticed Harold
 13880 | D:11     | Killed Harold
 13880 | D:11     | Reached XP level 12. HP: 36/60 MP: 17/29
 14036 | D:11     | Killed a five-headed hydra
 14053 | D:11     | Offered knowledge of Inner Flame by Vehumet.
 14257 | D:11     | Found Tuggit's Gadget Boutique.
 14496 | D:11     | Noticed Snorg
 14507 | D:11     | Killed Snorg
 14922 | D:11     | Reached skill level 1 in Fighting
 15106 | D:12     | Found Asecs's Antique Weapon Shop.
 15257 | D:12     | Reached **** piety under Vehumet
 15272 | D:12     | Reached skill level 14 in Spellcasting
 15559 | D:12     | Offered knowledge of Fulminant Prism by Vehumet.
 15715 | D:12     | Noticed a four-headed hydra
 16290 | Lair:1   | Entered Level 1 of the Lair of Beasts
 16723 | Lair:1   | Noticed a seven-headed hydra
 16743 | Lair:1   | Slain by a seven-headed hydra

Skill      XL: |  1  2  3  4  5  6  7  8  9 10 11 12 |
---------------+-------------------------------------+-----
Earth Magic    | 4 5 6 7 9 10 12 | 12.9
Spellcasting   | 3 4 5 6 8 10 11 13 14 | 14.3
Conjurations   | 1 2 3 5 6 |  6.2
Dodging        | 3 4 |  4.3
Fighting       | 1 |  1.3
Maces & Flails | |  0.2
Stealth        | |  2.1
Shields        | |  0.2
Transmutations | |  0.7

Action                   |  1- 3 |  4- 6 |  7- 9 | 10-12 || total
-------------------------+-------+-------+-------+-------++-------
Melee: Mace              |       |       |    26 |    51 ||    77
 Cast: Sandblast         |    46 |    32 |   126 |    53 ||   257
       Stone Arrow       |       |    36 |    62 |   312 ||   410
       Petrify           |       |       |     3 |     3 ||     6
       Lee's Rapid Decon |       |       |       |    59 ||    59
       Throw Flame       |       |       |       |     3 ||     3
       Passwall          |       |       |       |     1 ||     1
  Use: Scroll            |     3 |     8 |     4 |    13 ||    28
       Potion            |       |     2 |     5 |    14 ||    21
 Stab: Sleeping          |       |       |     1 |       ||     1
  Eat: Bread ration      |     1 |     1 |     1 |     3 ||     6
       Fruit             |       |     5 |     1 |     8 ||    14
       Beef jerky        |       |     1 |       |     1 ||     2
       Royal jelly       |       |     1 |       |       ||     1
       Meat ration       |       |       |     1 |     3 ||     4
Armor: Robe              |    16 |     5 |    67 |   133 ||   221
Dodge: Dodged            |    26 |     7 |    92 |   144 ||   269
Block: Buckler           |       |       |       |    12 ||    12
